 Dungeon Crawl Stone Soup version 0.19-a0-1827-g174f941 (webtiles) character file.

44 Zhenya24pyc the Covered (level 3, -5/23 HPs)
             Began as a Gargoyle Fighter on Oct 7, 2016.
             Slain by Sigmund
             ... wielding a +0 scythe
              (8 damage)
             ... on level 2 of the Dungeon.
             The game lasted 00:02:11 (876 turns).

Zhenya24pyc the Covered (Gargoyle Fighter)           Turns: 876, Time: 00:02:12

Health: -5/23      AC: 10    Str: 20    XL:     3   Next: 62%
Magic:  3/3        EV:  7    Int:  8    God:
Gold:   74         SH:  9    Dex:  9    Spells: 0 memorised, 2 levels left

rFire  . . .     SeeInvis .     a - +0 flail
rCold  . . .     Gourm    .     b - +0 scale mail
rNeg   + + .     Faith    .     c - +0 shield
rPois  ∞         Spirit   .     (no helmet)
rElec  +         Dismiss  .     (no cloak)
rCorr  .         Reflect  .     (no gloves)
MR     .....     Harm     .     (no boots)
Stlth  ..........               (no amulet)
                                (no ring)
                                i - ring of positive energy

@: no status effects
A: negative energy resistance 1, electricity resistance, unbreathing,
petrification resistance, rot immunity, AC +3
a: no special abilities


You were on level 2 of the Dungeon.
You were not hungry.

You visited 1 branch of the dungeon, and saw 2 of its levels.

You collected 74 gold pieces.

Inventory:

Hand Weapons
 a - a +0 flail (weapon)
 n - a +0 whip
Armour
 b - a +0 scale mail (worn)
 c - a +0 shield (worn)
Jewellery
 i - a ring of positive energy (left hand)
Scrolls
 m - 2 scrolls of fog {unknown}
Potions
 d - 3 potions of might
 e - a potion of haste {unknown}
 h - 2 potions of curing {unknown}
 k - a potion of heal wounds {unknown}
 l - 2 potions of degeneration {unknown}
Comestibles
 f - a bread ration
 g - 3 beef jerkies
 j - 3 fruits
 o - a meat ration
 p - 2 chunks of flesh


   Skills:
 + Level 3.6 Fighting
 * Level 3.1 Maces & Flails
 + Level 3.8 Armour
 - Level 3.2 Shields


You had 2 spell levels left.
You didn't know any spells.

Dungeon Overview and Level Annotations

Branches:
Dungeon (2/15)

Altars:

Annotations:
D:2 Sigmund


Innate Abilities, Weirdness & Mutations

You are resistant to torment.
Your stone body is resilient. (AC +3)
You are immune to poison.
You resist negative energy. (rN+)
You are resistant to electric shocks. (rElec)
You can survive without breathing.
You are immune to petrification.
You are immune to rotting.


Message History

You block Sigmund's attack. Sigmund hits you with a scythe!
* * * LOW HITPOINT WARNING * * *
You block Sigmund's attack.
Your shield and scale mail prevent you from hitting the frilled lizard.
The frilled lizard barely misses you.
You closely miss the frilled lizard. The frilled lizard barely misses you.
Sigmund barely misses you. You block the frilled lizard's attack.
You closely miss the frilled lizard. Sigmund hits you but does no damage.
The frilled lizard closely misses you.
You barely miss the frilled lizard. You block the frilled lizard's attack.
You block Sigmund's attack. The frilled lizard barely misses you.
You barely miss the frilled lizard. You block Sigmund's attack.
The frilled lizard bites you but does no damage.
You barely miss the frilled lizard.
The frilled lizard bites you but does no damage.
Sigmund hits you but does no damage.
You barely miss the frilled lizard. The frilled lizard barely misses you.
Sigmund hits you from afar with a scythe!
You die...

....>....#
#####..##.#.
.##....#.#
..........#.
.......#.#######
#####......
.##............#
##.#####
.##.##.#.#####.####
#.......
.......#.##.......#
#...###.
.##......##.##<##@#
#...# ##
.########## #.##.#
#...# .# #.l@.#
#.[.# ## ######
#...####
######.......
#............
#............
#............
####.#.......
#.#...#.##
######### # #
#.#...#.#


You could see Sigmund and a frilled lizard.

Vanquished Creatures
  An adder (D:2)
  2 dart slugs
  3 leopard geckos
  3 giant cockroaches (D:1)
  A goblin (D:1)
  5 hobgoblins (D:1)
  3 kobolds (D:1)
  5 bats (D:1)
  A frilled lizard (D:1)
  4 rats
28 creatures vanquished.

Notes
Turn   | Place    | Note
-------+----------+-------------------------------------------
     0 | D:1      | Zhenya24pyc the Gargoyle Fighter began the quest for the Orb.
     0 | D:1      | Reached XP level 1. HP: 14/14 MP: 1/1
    81 | D:1      | Reached XP level 2. HP: 18/19 MP: 2/2
   381 | D:1      | Reached XP level 3. HP: 20/23 MP: 3/3
   853 | D:2      | Noticed Sigmund
   864 | D:2      | HP: 1/23 [Sigmund/scythe (7)]
   876 | D:2      | Slain by Sigmund

Vault maps used:
D:1:      dpeg_arrival_tiny_f
D:2:      minmay_wonky_spiral, nicolae_overflow_hidden_temple,
          lemuel_old_faithful, uniq_sigmund, uniq_terence

Skill      XL: |  1  2  3 |
---------------+----------+-----
Maces & Flails | 3 |  3.1
Fighting       | |  3.6
Armour         | |  3.8
Shields        | |  3.2

Action                   || total
-------------------------++-------
Melee: Flail             ||   123
Armor: Scale mail        ||    60
Dodge: Dodged            ||    55
Block: Shield            ||    75
